 Dungeon Crawl Stone Soup version 0.30-a0-219-gf2db51d15e (webtiles) character file.

Game seed: 12059160472457313375

208 ragingrage the Grasshopper (level 5, -5/22 HPs)
             Began as a Felid Warper on Oct 6, 2022.
             Killed by divine providence
             ... invoked by an orc priest
              (14 damage)
             ... on level 4 of the Dungeon.
             The game lasted 00:05:23 (3882 turns).

ragingrage the Grasshopper (Felid Warper)           Turns: 3882, Time: 00:05:23

Health: -5/22      AC:  1    Str:  7    XL:     5   Next: 55%
Magic:  18/18      EV: 23    Int: 16    God:
Gold:   188        SH:  0    Dex: 16    Spells: 3/8 levels left
                                        Lives:  0   Deaths: 1

rFire   . . .      SeeInvis +      - Unarmed
rCold   . . .      Faith    .    (shield unavailable)
rNeg    . . .      Spirit   .    (body armour unavailable)
rPois   .          Reflect  .    (helmet unavailable)
rElec   .          Harm     .    (cloak unavailable)
rCorr   .          Rampage  .    (gloves unavailable)
Will    .....                    (boots unavailable)
Stlth   +++.......               (no amulet)
HPRegen 0.23/turn                k - ring of magical power
MPRegen 0.16/turn                e - +4 ring of evasion

@: quick
A: very small, claws 1, fangs 3, see invisible, speed 1, shaggy fur 1, stealthy
paws, no weapons or thrown items, no armour, multi-lived
a: no special abilities


You were on level 4 of the Dungeon.
You visited 1 branch of the dungeon, and saw 5 of its levels.

You collected 188 gold pieces.

Inventory:

Jewellery
 e - a +4 ring of evasion (right paw)
 k - a ring of magical power (left paw)
Scrolls
 a - 3 scrolls of blinking
 b - 4 scrolls of identify
 c - a scroll of brand weapon {unknown}
 d - a scroll of torment
 f - a scroll of acquirement {unknown}
 g - 3 scrolls of amnesia
 h - 2 scrolls of fear
 l - a scroll of teleportation {unknown}
Potions
 i - a potion of attraction


   Skills:
 - Level 2.0 Fighting
 + Level 5.0 Dodging
 + Level 4.0 Stealth
 + Level 3.5 Unarmed Combat
 - Level 2.0 Spellcasting
 + Level 5.8 Translocations
 + Level 2.0 Air Magic


You had 3 spell levels left.
You knew the following spells:

 Your Spells              Type           Power      Damage    Failure   Level
a - Blink                 Tloc           40%        N/A       2%          2
b - Vhi's Electric Charg  Tloc/Air       28%        N/A       12%         3

Your spell library contained the following spells:

 Spells                   Type           Power      Damage    Failure   Level
 Lesser Beckoning         Tloc           40%        N/A       5%          3
 Teleport Other           Tloc           20%        N/A       5%          3
 Manifold Assault         Tloc           20%        N/A       19%         4
 Storm Form               Tmut/Air       2%         N/A       100%        7


Dungeon Overview and Level Annotations

Branches:
Dungeon (5/15)
 Temple: D:4-7

Altars:


Innate Abilities, Weirdness & Mutations

You have sharp claws.
You have razor-sharp teeth.
You have supernaturally acute eyesight. (SInv)
You cover ground quickly. (Speed+)
You are covered in fur. (AC +1)
Your paws help you pounce on unaware monsters.
You are incapable of wielding weapons or throwing items.
You cannot wear armour.
You gain extra lives every three experience levels.


Message History

Done exploring.
Done exploring.
No target in view!
You see here a +0 halberd.
The orc shouts!
You scratch the orc.
The orc is lightly wounded.
The orc misses you.
You closely miss the orc. Your bite misses the orc.
The orc is lightly wounded.
The orc hits you with a +0 club.
You scratch the orc.
You kill the orc!
No target in view!
No target in view!
No target in view!
No target in view!
No target in view!
No target in view!
No target in view!
No target in view!
No target in view!
You start resting.
HP restored.
You can't go down here!
There is a stone staircase leading down here.
You climb downwards.
An orc comes into view. It is wielding a +0 falchion.
The orc priest mumbles some strange prayers to Beogh against you.
Beogh smites you!
Ouch! That really hurt!
The orc shouts!
There is a stone staircase leading up here.
The orc priest completely misses you.
You climb upwards.
There is a stone staircase leading down here.
The orc priest mumbles some strange prayers to Beogh against you.
Beogh smites you!
Ouch! That really hurt!
You die...

#...............# ##.## ##...
#...............## #..####....
##..............>.# #..##......
#.................## ##.........
#..................# #.........
#..................# #.........
#...............o>## #.........
#.......).........# ##........
##.............@### #........
#####........### #........
##..#..### ##### ##..##...
#..#### ###...####.......
########...######........#.......
#........#...)...................
...........#####.............####
...........## ##.............###
............## #..............##


You could see an orc priest.

Vanquished Creatures
  2 scorpions (D:4)
  An orc priest (D:4)
  2 orc wizards
  An iguana (D:4)
  3 gnolls (D:4)
  A worm (D:3)
  2 dart slugs
  6 orcs
  6 ball pythons
  6 endoplasms
  6 giant cockroaches
  4 goblins
  8 hobgoblins
  4 jackals
  2 quokkas
  2 bats (D:3)
  3 frilled lizards
  2 kobolds
  2 rats (D:3)
63 creatures vanquished.

Notes
Turn   | Place    | Note
-------+----------+-------------------------------------------
     0 | D:1      | ragingrage the Felid Warper began the quest for the Orb.
     0 | D:1      | Reached XP level 1. HP: 9/9 MP: 4/4
    29 | D:1      | You fall into a shaft and drop 1 floor!
   138 | D:1      | Reached skill level 1 in Stealth
   146 | D:1      | Reached XP level 2. HP: 13/13 MP: 6/6
   148 | D:1      | Found a faded altar of an unknown god.
   241 | D:1      | Learned a level 2 spell: Blink
   942 | D:2      | Reached XP level 3. HP: 10/16 MP: 7/7
  1052 | D:2      | Learned a level 3 spell: Vhi's Electric Charge
  1540 | D:3      | Reached XP level 4. HP: 16/19 MP: 8/8
  1738 | D:2      | Reached skill level 5 in Translocations
  1998 | D:3      | Reached skill level 1 in Air Magic
  2575 | D:4      | Reached XP level 5. HP: 22/22 MP: 9/9
  3655 | D:5      | Entered Level 5 of the Dungeon
  3679 | D:4      | HP: 1/22 [poisoned by a scorpion]
  3682 | D:4      | Succumbed to a scorpion's poison
  3683 | D:4      | Reached XP level 4. HP: 0/19 MP: 17/17
  3683 | D:4      | Reached XP level 5. HP: 22/22 MP: 9/9
  3788 | D:4      | Reached skill level 5 in Dodging
  3882 | D:4      | Killed from afar by an orc priest

Illustrated notes

Levels and vault maps discovered:
D:1:      psy_arrival_fountain, layout_loops_ring,
          dreamdust_ecumenical_altar_statues, minivault_14
D:2:      layout_basic, dk_vineyard_3
D:3:      layout_loops_ring
D:4:      layout_cave_pods
D:5:      layout_loops_ring, minivault_27

Skill      XL: |  1  2  3  4  5 |
---------------+----------------+-----
Stealth        | 1 2 3 4 |  4.0
Dodging        | 4 5 |  5.0
Translocations | 5 |  5.8
Air Magic      | 1 2 |  2.0
Unarmed Combat | 3 |  3.5
Fighting       | |  2.0
Spellcasting   | |  2.0

Action                   |  1- 3 |  4- 6 || total
-------------------------+-------+-------++-------
Melee: Unarmed           |   116 |   162 ||   278
       Bite              |     9 |    18 ||    27
       Punch             |     2 |     3 ||     5
  Use: Potion            |       |     7 ||     7
       Scroll            |       |     3 ||     3
 Stab: Sleeping          |     4 |     3 ||     7
Armor: Skin              |     4 |     9 ||    13
Dodge: Dodged            |    69 |   171 ||   240

Table legend: (Time is in decaauts)
 A = Elapsed time spent in this place.
 B = Non-inter-level travel time spent in this place.
 C = Inter-level travel time spent in this place.
 D = Time resting spent in this place.
 E = Time spent auto-exploring this place.
 F = Levels seen in this place.
 G = Mean time per level.
                   A        B        C        D        E       F      G
               +--------+--------+--------+--------+--------+-----+--------+
         Total |   3304 |   3085 |    219 |    513 |   1745 |   5 |  660.8 |
       Dungeon |   3304 |   3085 |    219 |    513 |   1745 |   5 |  660.8 |
               +--------+--------+--------+--------+--------+-----+--------+

Top non-repeatable levels by time:
     D:4: 1106 daAuts
     D:2: 887 daAuts
     D:3: 723 daAuts
     D:1: 573 daAuts
     D:5: 13 daAuts
